 Dungeon Crawl Stone Soup version 0.28.0-53-g5a82cb258f (webtiles) character file.

Game seed: 4125667476931811954

753 Zeld the Magician (level 7, 0/36 HPs)
             Began as a Deep Elf Conjurer on May 24, 2022.
             Slain by a gnoll
             ... wielding a +0 whip
              (7 damage)
             ... on level 5 of the Dungeon.
             The game lasted 00:07:31 (5942 turns).

Zeld the Magician (Deep Elf Conjurer)               Turns: 5942, Time: 00:07:31

Health: 0/36       AC:  2    Str:  4    XL:     7   Next: 49%
Magic:  16/20      EV: 12    Int: 23    God:
Gold:   83         SH:  0    Dex: 13    Spells: 10/21 levels left

rFire   . . .      SeeInvis +   (no weapon)
rCold   . . .      Faith    .   (no shield)
rNeg    + + .      Spirit   .   (no armour)
rPois   .          Reflect  .   p - +1 helmet of Kleptomania {rN++ rCorr Int-2 SInv}
rElec   .          Harm     .   (no cloak)
rCorr   +          Rampage  .   (no gloves)
Will    .....                   (no boots)
Stlth   ++........              (no amulet)
HPRegen 0.12/turn               w - ring of flight
MPRegen 0.17/turn               (no ring)

@: flying, very slightly contaminated
A: no striking features
a: no special abilities


You were on level 5 of the Dungeon.
You visited 1 branch of the dungeon, and saw 5 of its levels.

You collected 237 gold pieces.
You spent 154 gold pieces at shops.

Inventory:

Armour
 p - the +1 helmet of Kleptomania (worn) {rN++ rCorr Int-2 SInv}
   (You took it off Robin on level 4 of the Dungeon)

   Int:       It affects your intelligence (-2).
   rN:        It greatly protects you from negative energy.
   SInv:      It lets you see invisible.
   rCorr:     It protects you from acid and corrosion.
 u - a +4 ring mail of poison resistance
Jewellery
 v - a ring of protection from cold
 w - a ring of flight (left hand)
Wands
 l - a wand of mindburst (18)
Scrolls
 a - a scroll of enchant weapon {unknown}
 b - 6 scrolls of teleportation {unknown}
 c - 5 scrolls of identify {unknown}
 e - a scroll of immolation {unknown}
 i - a scroll of enchant armour {unknown}
 j - a scroll of brand weapon {unknown}
 m - a scroll of magic mapping {unknown}
 r - a scroll of holy word {unknown}
 s - a scroll of noise {unknown}
 t - a scroll of vulnerability {unknown}
Potions
 d - a potion of curing {unknown}
 f - 3 potions of brilliance {unknown}
 g - 2 potions of might {unknown}
 h - a potion of heal wounds {unknown}
 k - 3 potions of magic {unknown}
 n - 2 potions of degeneration {unknown}
 o - a potion of flight {unknown}
 q - a potion of cancellation {unknown}


   Skills:
 - Level 2.4 Dodging
 - Level 2.4 Stealth
 + Level 7.9 Spellcasting
 + Level 7.5 Conjurations
 - Level 2.0 Hexes
 - Level 2.0 Translocations


You had 10 spell levels left.
You knew the following spells:

 Your Spells              Type           Power      Damage    Failure   Level
a - Magic Dart            Conj           100%       1d8       1%          1
b - Searing Ray           Conj           86%        2d7       1%          2
c - Fulminant Prism       Conj/Hex       15%        3d11      10%         4
d - Iskenderun's Mystic   Conj/Tloc      31%        2d8       10%         4

Your spell library contained the following spells:

 Spells                   Type           Power      Damage    Failure   Level
 Dazzling Flash           Conj/Hex       62%        N/A       3%          3
 Ensorcelled Hibernation  Hex/Ice        26%        N/A       7%          2
 Passwall                 Tmut/Erth      7%         N/A       11%         2
 Ozocubu's Armour         Ice            9%         N/A       22%         3
 Swiftness                Air            9%         N/A       22%         3
 Animate Dead             Necr           4%         N/A       56%         4
 Borgnjor's Vile Clutch   Necr/Erth      4%         N/A       89%         5
 Death Channel            Necr           4%         N/A       100%        6
 Summon Cactus Giant      Summ           4%         N/A       100%        6
 Malign Gateway           Summ/Tloc      6%         N/A       100%        7
 Monstrous Menagerie      Summ           4%         N/A       100%        7
 Ozocubu's Refrigeration  Ice            4%         4d5       100%        7


Dungeon Overview and Level Annotations

Branches:
Dungeon (5/15)
 Temple: D:4-7

Altars:
Vehumet

Shops:
D:4 [

Annotations:
D:3 3 runed translucent doors, Zeld's ghost, weakling MiBe


Message History

You reach down and open the door.
There is an open door here.
Found 17 stones.
Found a stone staircase leading down.
Okay, then.
You now have 83 gold pieces (gained 9).
Found an escape hatch in the ceiling.
A gnoll comes into view. It is wielding a +0 whip.
A gnoll comes into view. It is wielding a +0 whip.
The gnoll shouts!
You hear a shout!
A gnoll comes into view. It is wielding a +0 spear.
There are monsters nearby!
The gnoll misses you.
You hit the gnoll but do no damage. The gnoll hits you with a +0 whip.
The gnoll hits you with a +0 whip. The gnoll misses you.
Unknown command.
The gnoll hits you with a +0 whip.
The gnoll hits you from afar with a +0 spear.
Casting: Searing Ray (safe; 1% risk of failure)
Confirm with . or Enter, or press ? or * to list all spells.
Aiming: Searing Ray (safe; 1% risk of failure)
Press: ? - help, Shift-Dir - straight line, f - gnoll
Aim: a gnoll, wielding a +0 whip and quivering 2 throwing nets (84% to hit)
Okay, then.
Casting: Searing Ray (safe; 1% risk of failure)
Confirm with . or Enter, or press ? or * to list all spells.
The spell is quite dangerous to miscast (10% risk of failure)!
Continue anyway?
Uppercase [Y]es or [N]o only, please.
The spell is quite dangerous to miscast (10% risk of failure)!
Continue anyway?
Okay, then.
Unknown command.
Casting: Iskenderun's Mystic Blast (quite dangerous; 10% risk of failure)
Confirm with . or Enter, or press ? or * to list all spells.
The spell is quite dangerous to miscast (10% risk of failure)!
Continue anyway?
You miscast Iskenderun's Mystic Blast.
You are very lightly contaminated with residual magic.
Strange energies run through your body!
* * * LOW HITPOINT WARNING * * *
The gnoll hits you with a +0 whip!
You die...

####.# #.# ###
#.# ####..
########.# #.....
... # #........#
#.....
....#.#.########
#.....
........#######
#.....
..............#
#.....
.........@....#
#.....
..<.......g...#
######
..........gg..#
..............#
................
....#............
####............
#............


You could see 3 gnolls.

Vanquished Creatures
  A black bear (D:4)
  An ogre (D:4)
  A centaur (D:5)
  A scorpion (D:5)
  A centaur zombie (D:5)
  3 hounds (D:5)
  2 jellies (D:4)
  An orc priest (D:4)
  An iguana (D:5)
  2 orc wizards (D:4)
  Robin (D:4)
  7 adders
  A white imp (D:4)
  An adder zombie (D:5)
  An adder skeleton (D:4)
  A worm (D:2)
  3 orcs
  3 endoplasms
  17 goblins
  9 hobgoblins
  2 jackals (D:1)
  6 quokkas
  6 ball pythons
  5 bats
  2 frilled lizards (D:3)
  3 kobolds
  6 rats
88 creatures vanquished.

Notes
Turn   | Place    | Note
-------+----------+-------------------------------------------
     0 | D:1      | Zeld the Deep Elf Conjurer began the quest for the Orb.
     0 | D:1      | Reached XP level 1. HP: 10/10 MP: 6/6
   161 | D:1      | Found a faded altar of an unknown god.
   170 | D:1      | Reached skill level 1 in Hexes
   260 | D:1      | Reached XP level 2. HP: 15/15 MP: 6/8
   357 | D:1      | Learned a level 2 spell: Searing Ray
   437 | D:1      | Reached skill level 1 in Translocations
  1338 | D:2      | Reached XP level 3. HP: 19/19 MP: 4/9
  1897 | D:2      | Got Gycsasm's Catalogue of Summoning
  2946 | D:3      | Reached skill level 5 in Conjurations
  2946 | D:3      | Reached XP level 4. HP: 19/24 MP: 8/12
  2952 | D:3      | Learned a level 4 spell: Fulminant Prism
  2957 | D:3      | Learned a level 4 spell: Iskenderun's Mystic Blast
  3085 | D:3      | Found a runed translucent gate.
  3086 | D:3      | Found a runed translucent gate.
  3087 | D:3      | Found a runed translucent gate.
  3087 | D:3      | Noticed Zeld's ghost (weakling MiBe)
  3471 | D:4      | Identified the +1 helmet of Kleptomania {rN++ rCorr Int-2
                  | SInv}
  3471 | D:4      | Noticed Robin
  3883 | D:4      | Killed Robin
  3997 | D:4      | Noticed a black bear
  4007 | D:4      | Reached XP level 5. HP: 28/28 MP: 3/14
  4010 | D:4      | Killed a black bear
  4011 | D:4      | Reached skill level 5 in Spellcasting
  4163 | D:4      | You fall into a shaft and drop 1 floor!
  4163 | D:5      | Entered Level 5 of the Dungeon
  4163 | D:5      | Found a radiant altar of Vehumet.
  4218 | D:5      | Reached XP level 6. HP: 29/32 MP: 8/16
  4624 | D:4      | Found Nimuweykh's Antique Armour Shop.
  4633 | D:4      | Bought a runed ring mail for 154 gold pieces
  4924 | D:4      | Reached XP level 7. HP: 36/36 MP: 14/19
  5942 | D:5      | Slain by a gnoll

Illustrated notes

Levels and vault maps discovered:
D:1:      beargit_arrival_greenhouse, layout_loops_ring,
          ebering_ecumenical_altar_mist
D:2:      layout_loops_corners, kennysheep_pointless_box
D:3:      layout_loops_ring, ebering_ghost_rock_garden, kennysheep_path_1,
          minmay_misc_feat_nine_boxes
D:4:      layout_rooms, serial_shops, nicolae_square_shop, uniq_robin
D:5:      minmay_diamond_boxcup, layout_basic, vehumet_crystals

Skill      XL: |  1  2  3  4  5  6  7 |
---------------+----------------------+-----
Hexes          | 1 2 |  2.0
Translocations | 1 2 |  2.0
Spellcasting   | 4 5 7 |  7.9
Conjurations   | 5 6 7 |  7.5
Dodging        | |  2.4
Stealth        | |  2.4

Action                   |  1- 3 |  4- 6 |  7- 9 || total
-------------------------+-------+-------+-------++-------
Melee: Unarmed           |    13 |     2 |     1 ||    16
 Cast: Magic Dart        |    21 |     2 |       ||    23
       Searing Ray       |    30 |    27 |     9 ||    66
       Iskenderun's Myst |       |     2 |     2 ||     4
 Stab: Sleeping          |     2 |       |       ||     2
Armor: Robe              |     4 |    11 |       ||    15
       Skin              |       |       |     4 ||     4
Dodge: Dodged            |    19 |    27 |    23 ||    69
